 Dungeon Crawl Stone Soup version 0.28-a0-544-g207b005307 (webtiles) character file.

Game seed: 9515049620258339613

19455 MirrMurr the Unseen (level 12, -1/61 HPs)
             Began as a Spriggan Enchanter on Sept 28, 2021.
             Was a Follower of Ashenzari.
             Slain by an anaconda simulacrum (12 damage)
             ... in an ice cave.
             The game lasted 00:49:04 (23485 turns).

MirrMurr the Unseen (Spriggan Enchanter)           Turns: 23485, Time: 00:49:05

Health: -1/61      AC:  7    Str:  8    XL:     12   Next: 36%
Magic:  17/22      EV: 28    Int: 22    God:    Ashenzari [*.....]
Gold:   768        SH:  0    Dex: 17    Spells: 12/23 levels left

rFire   . . .      SeeInvis +   b - +1 short sword (elec)
rCold   + . .      Faith    .   (shield restricted)
rNeg    . . .      Spirit   .   C - +2 robe {Will+}
rPois   .          Reflect  .   (helmet restricted)
rElec   .          Harm     .   q - +2 cloak of the Eternal Oracle {rCorr, Bglg, Alch} (curse)
rCorr   +          Rampage  .   (gloves unavailable)
Will    +++++                   (boots unavailable)
Stlth   ++++++....              f - amulet of the acrobat
HPRegen 0.20/turn               H - ring of protection from cold
MPRegen 0.18/turn               d - ring "Restrained Together" {Will++ Int+6, Fort, Alch} (curse)

@: very quick
A: very small, no large weapons, unfitting armour, see invisible, speed 3
a: Renounce Religion, Curse Item, Shatter the Chains


You were in an ice cave.
You worshipped Ashenzari.
Ashenzari was aware of your devotion.
You visited 3 branches of the dungeon, and saw 15 of its levels.
You also visited: Ice Cave.

You collected 1008 gold pieces.
You spent 240 gold pieces at shops.

Inventory:

Hand Weapons
 a - a +1 dagger of draining
 b - a +1 short sword of electrocution (weapon)
 z - a +0 rapier
 G - the +10 falchion of the Pharaoh's Fist {speed, *Rage rF+}
   (You found it on level 5 of the Dungeon)

   Attacks with this weapon are significantly faster.
   rF:        It protects you from fire.
   *Rage:     It lets you go berserk by making a melee attack (+20% chance).
Missiles
 i - 351 stones (quivered)
 u - 14 boomerangs
 w - 3 throwing nets
 x - 144 sling bullets
 L - 23 poisoned darts
Armour
 q - the cursed +2 cloak of the Eternal Oracle (worn) {rCorr, Bglg, Alch}
   (You took it off Crazy Yiuf on level 2 of the Dungeon)

   It has a curse which improves the following skills: Beguiling: Conjurations,
   Hexes and Translocations.
   Alchemy:   Poison Magic and Transmutations.
 C - a +2 robe of willpower (worn)
 I - +0 acid dragon scales
Jewellery
 d - the cursed ring "Restrained Together" (right hand) {Will++ Int+6, Fort, Alch}
   (You acquired it on level 6 of the Dungeon)

   [ring of intelligence]

   Int:       It affects your intelligence (+6).
   Will:      It greatly increases your willpower.
   It has a curse which improves the following skills: Fortitude: Armour and
   Shields.
   Alchemy:   Poison Magic and Transmutations.
 f - an amulet of the acrobat (around neck)
 m - a ring of positive energy
 D - a ring of protection from fire
 F - a ring of poison resistance
 H - a ring of protection from cold (left hand)
Wands
 c - a wand of flame (19)
 e - a wand of polymorph (15)
 r - a wand of iceblast (21)
 K - a wand of digging (5)
Scrolls
 g - 4 scrolls of teleportation
 l - a scroll of fog
 p - 4 scrolls of enchant armour
 v - 3 scrolls of magic mapping
 y - a scroll of blinking
 E - a scroll of vulnerability
Potions
 h - 12 potions of curing
 j - 2 potions of lignification
 k - a potion of brilliance
 n - a potion of might
 o - 3 potions of heal wounds
 s - 2 potions of attraction
 t - a potion of flight
 A - a potion of cancellation
 B - 2 potions of mutation
 J - a potion of berserk rage


   Skills:
 + Level 6.0 Fighting
 - Level 10.0 Short Blades
 + Level 15.0 Dodging
 + Level 15.1 Stealth
 - Level 6.0 Spellcasting
 - Level 9.5(10.5) Hexes


You had 12 spell levels left.
You knew the following spells:

 Your Spells              Type           Power      Damage    Failure   Level
a - Ensorcelled Hibernat  Hex/Ice        58%        N/A       1%          2
b - Confusing Touch       Hex            52%        N/A       1%          3
c - Tukima's Dance        Hex            52%        N/A       1%          3
d - Dazzling Flash        Conj/Hex       60%        N/A       3%          3

Your spell library contained the following spells:

 Spells                   Type           Power      Damage    Failure   Level
 Summon Guardian Golem    Hex/Summ       29%        N/A       3%          3
 Summon Small Mammal      Summ           24%        N/A       9%          1
 Static Discharge         Conj/Air       6%         N/A       14%         2
 Call Canine Familiar     Summ           6%         N/A       26%         3
 Gell's Gravitas          Tloc           3%         N/A       26%         3
 Teleport Other           Tloc           7%         N/A       26%         3
 Dispel Undead            Necr           6%         3d8       65%         4
 Sticky Flame             Conj/Fire      6%         2d3       65%         4
 Dispersal                Tloc           3%         N/A       100%        6
 Orb of Destruction       Conj           3%         9d1       100%        7
 Spellforged Servitor     Conj/Summ      3%         N/A       100%        7


Dungeon Overview and Level Annotations

Branches:
Dungeon (13/15)            Temple (1/1) D:7            Lair (1/6) D:11
    Orc (0/2) D:12          IceCv (1/1)
 Vaults: D:13-14

Altars:
Ashenzari
Cheibriados
Dithmenos
Elyvilon
Fedhas
Gozag
Hepliaklqana
Kikubaaqudgha
Makhleb
Nemelex Xobeh
Okawaru
Qazlal
Ru
Sif Muna
Trog
Uskayaw
Vehumet
Wu Jian
Xom
Yredelemnul
Zin
The Shining One
Beogh

Shops:
D:5 *   D:12 =

Annotations:
D:10 2 runed translucent doors, nightshift3's ghost, journeyman GnMo


Innate Abilities, Weirdness & Mutations

You are very small and have problems with some larger weapons.
You are too small for most types of armour.
You have supernaturally acute eyesight. (SInv)
You cover ground extremely quickly. (Speed+++)


Message History

The entropy weaver simulacrum hits you!
The entropy weaver simulacrum freezes you!
You resist.
The entropy weaver simulacrum closely misses you.
The entropy weaver simulacrum hits you but does no damage.
The entropy weaver simulacrum hits you.
The entropy weaver simulacrum freezes you.
You resist.
Casting: Confusing Touch (safe; 1% risk of failure)
Confirm with . or Enter, or press ? or * to list all spells.
Your hands begin to glow red.
You hit the entropy weaver simulacrum but do no damage.
The entropy weaver simulacrum is moderately damaged.
The entropy weaver simulacrum misses you.
The entropy weaver simulacrum completely misses you. x3
You hit the entropy weaver simulacrum but do no damage.
The entropy weaver simulacrum appears confused.
The entropy weaver simulacrum is moderately damaged.
You catch the helpless entropy weaver simulacrum completely off-guard!
You impale the entropy weaver simulacrum!!
The entropy weaver simulacrum vaporises!
Casting: Confusing Touch (safe; 1% risk of failure)
Confirm with . or Enter, or press ? or * to list all spells.
Your hands begin to glow red.
The spriggan simulacrum hits you! The spriggan simulacrum freezes you!
You resist.
* * * LOW HITPOINT WARNING * * *
You hit the spriggan simulacrum but do no damage.
The spriggan simulacrum appears confused.
The spriggan simulacrum closely misses you.
You catch the helpless spriggan simulacrum completely off-guard!
You impale the spriggan simulacrum!!
Lightning courses through the spriggan simulacrum!
The spriggan simulacrum vaporises!
You hit the anaconda simulacrum but do no damage.
Lightning courses through the anaconda simulacrum!
The anaconda simulacrum is severely damaged.
The anaconda simulacrum misses you. The anaconda simulacrum bites you!
* * * LOW HITPOINT WARNING * * *
The anaconda simulacrum freezes you! You resist.
You die...

#...### ###....### #..####.
##..# #...###..#####...#..
###.### #.### ##...####....#
#..#########...#
#..###.######
##...##........#
##....#....# #..###...⌠...##
###..#####.## ###..##.?...##
#≈##......#..
###...##########≈≈##.#.##..#
#########@..##≈≈≈≈≈#####..
#..Z#..###≈≈≈≈### ###
#...####...##.##..####.
....# ##....#.#.#.#... ..#
##....#.##..#.# #
##############


You could see an anaconda simulacrum.

Vanquished Creatures
  Erica (D:8)
  A two-headed ogre (D:9)
  Nergalle (D:10)
  Pikel (D:5)
  2 ugly things
  2 deep elf pyromancers (D:12)
  An oklob plant (D:11)
  2 cyclopes
  A manticore (D:12)
  An elephant (Lair:1)
  Joseph (D:8)
  2 gargoyles (D:12)
  A cane toad (Lair:1)
  An unseen horror (D:11)
  An ice devil (Lair:1)
  An anaconda simulacrum (IceCv)
  An entropy weaver simulacrum (IceCv)
  A troll (D:12)
  A hornet (D:9)
  Grinder (D:5)
  A slime creature (D:9)
  A shadow (D:12)
  2 wyverns
  9 yaks
  2 wraiths
  A steam dragon (D:9)
  7 vampire mosquitoes
  A death yak simulacrum (IceCv)
  2 acid dragons
  5 water moccasins
  9 orc warriors
  A sky beast (D:8)
  A hornet zombie (D:8)
  An ice beast (D:6)
  3 ogres
  2 black bears
  A necrophage (D:4)
  4 wolves (Lair:1)
  A lemure (D:5)
  A phantom (D:7)
  4 centaurs (D:11)
  4 bullfrogs
  A scorpion (D:6)
  Blork the orc (D:4)
  A gnoll sergeant (D:9)
  3 two-headed ogre simulacra (IceCv)
  2 cane toad simulacra (IceCv)
  A water moccasin zombie (D:3)
  A wyvern skeleton (D:6)
  2 elephant simulacra (IceCv)
  19 killer bees
  3 howler monkeys
  3 centaur zombies
  5 hounds
  A bullfrog zombie (D:7)
  Crazy Yiuf (D:2)
  A gnoll shaman (D:7)
  3 centaur skeletons
  10 orc priests
  5 iguanas
  Ijyb (D:3)
  9 orc wizards
  Natasha (thrice) (D:3)
  6 troll simulacra (IceCv)
  A polar bear simulacrum (IceCv)
  4 spriggan simulacra (IceCv)
  A centaur simulacrum (D:9)
  A hound zombie (D:5)
  A hound skeleton (D:5)
  15 adders
  31 gnolls
  3 naga simulacra (IceCv)
  A shadow imp (D:6)
  4 white imps (IceCv)
  10 ufetubi
  2 adder skeletons (D:4)
  An adder zombie (D:2)
  4 worms
  2 dart slugs
  67 orcs
  3 bats
  2 bat skeletons (D:2)
  3 endoplasms
  2 giant cockroaches
  8 goblins
  5 hobgoblins
  16 jackals
  9 kobolds
  A quokka (D:1)
  8 ball pythons
  4 frilled lizards (D:1)
  A quokka zombie (D:2)
  9 rats
388 creatures vanquished.

Vanquished Creatures (collateral kills)
  An orc warrior (D:9)
  A gnoll sergeant (D:3)
  A gnoll shaman (D:5)
  An orc wizard (D:12)
  2 orcs (D:12)
6 creatures vanquished.

Vanquished Creatures (others)
  9 dancing weapons
  2 fungi (Lair:1)
  14 plants
  A withered plant (D:2)
26 creatures vanquished.

Grand Total: 420 creatures vanquished

Notes
Turn   | Place    | Note
-------+----------+-------------------------------------------
     0 | D:1      | MirrMurr the Spriggan Enchanter began the quest for the
                  | Orb.
     0 | D:1      | Reached XP level 1. HP: 9/9 MP: 5/5
   438 | D:1      | Reached skill level 5 in Stealth
   438 | D:1      | Reached XP level 2. HP: 10/13 MP: 6/6
   494 | D:1      | Learned a level 2 spell: Ensorcelled Hibernation
   730 | D:1      | Found a faded altar of an unknown god.
  1325 | D:1      | Reached XP level 3. HP: 13/16 MP: 2/8
  2267 | D:2      | Found a runed translucent door.
  2268 | D:2      | Noticed Crazy Yiuf
  2566 | D:2      | Learned a level 3 spell: Confusing Touch
  2687 | D:2      | Reached XP level 4. HP: 21/21 MP: 9/9
  3320 | D:2      | Killed Crazy Yiuf
  4092 | D:3      | Learned a level 3 spell: Tukima's Dance
  4099 | D:3      | Noticed Ijyb
  4191 | D:3      | Reached XP level 5. HP: 16/24 MP: 3/10
  4443 | D:3      | Killed Ijyb
  4866 | D:3      | Reached XP level 6. HP: 28/28 MP: 8/11
  4868 | D:3      | Reached skill level 5 in Short Blades
  5352 | D:3      | Reached skill level 5 in Hexes
  5617 | D:3      | Reached XP level 7. HP: 32/32 MP: 10/13
  5762 | D:3      | Learned a level 3 spell: Dazzling Flash
  6080 | D:3      | Noticed Natasha
  6081 | D:3      | Killed Natasha
  6156 | D:3      | Noticed Natasha
  6171 | D:3      | Killed Natasha
  6280 | D:3      | Noticed Natasha
  6300 | D:3      | Killed Natasha
  7042 | D:4      | Noticed Blork the orc
  7105 | D:3      | Reached skill level 1 in Fighting
  7105 | D:3      | Reached XP level 8. HP: 24/37 MP: 12/15
  7287 | D:4      | Killed Blork the orc
  8192 | D:5      | Entered Level 5 of the Dungeon
  8205 | D:5      | Noticed Pikel
  8477 | D:5      | Found an ornate altar of the Wu Jian Council.
  8518 | D:5      | Reached skill level 5 in Dodging
  8980 | D:5      | Noticed Grinder
  8999 | D:5      | Killed Grinder
  9065 | D:5      | Killed Pikel
  9066 | D:5      | Reached XP level 9. HP: 45/45 MP: 13/16
  9275 | D:5      | Found Lacwos's Serpentskin Sales.
 10020 | D:5      | Bought a ring of poison resistance for 240 gold pieces
 10212 | D:5      | Identified the +10 falchion of the Pharaoh's Fist {speed,
                  | *Rage rF+}
 10237 | D:6      | Identified a scroll of acquirement
 10237 | D:6      | Acquired the ring of the Moon {Will++ Int+6}
 11123 | D:7      | Reached skill level 10 in Stealth
 11789 | D:7      | Found a staircase to the Ecumenical Temple.
 11798 | Temple   | Entered the Ecumenical Temple
 12106 | Temple   | Became a worshipper of Ashenzari the Shackled
 12239 | D:8      | Reached skill level 10 in Dodging
 12282 | D:8      | Reached XP level 10. HP: 18/49 MP: 12/17
 12666 | D:8      | Noticed Joseph
 12673 | D:8      | Killed Joseph
 13271 | D:8      | Noticed Erica
 13371 | D:8      | Killed Erica
 14429 | D:9      | Noticed a two-headed ogre
 14660 | D:9      | Reached XP level 11. HP: 29/54 MP: 7/19
 14671 | D:9      | Reached skill level 5 in Spellcasting
 14986 | D:9      | Killed a two-headed ogre
 15171 | D:10     | Entered Level 10 of the Dungeon
 15216 | D:10     | Found a runed translucent door.
 15798 | D:10     | Noticed Nergalle
 15805 | D:10     | Killed Nergalle
 15957 | D:10     | Found a runed translucent door.
 15980 | D:10     | Noticed a skeletal warrior
 15980 | D:10     | Noticed a hell knight
 15981 | D:10     | Noticed a skeletal warrior
 15987 | D:10     | Noticed an ettin
 15988 | D:10     | Noticed a necromancer
 15989 | D:10     | Noticed a lich
 15990 | D:10     | Noticed nightshift3's ghost (journeyman GnMo)
 15991 | D:10     | Noticed a skeletal warrior
 16094 | D:10     | Found the ring of the Hare {EV+8}
 16100 | D:10     | Identified the +3 arbalest "Reasirumull" {speed, rPois rC+}
 16832 | D:10     | Found a runed translucent door.
 17417 | D:10     | Found a runed translucent door.
 18118 | D:11     | Reached skill level 5 in Fighting
 18427 | D:11     | Noticed a white ugly thing
 18457 | D:11     | Killed a brown ugly thing
 18635 | D:11     | Noticed an oklob plant
 18821 | D:11     | Identified the +7 chain mail of the Monkey {rPois rC-
                  | Int+3}
 19099 | D:11     | Found a staircase to the Lair.
 19170 | D:12     | Found Banlilun's Jewellery Emporium.
 19348 | D:12     | Noticed a brown ugly thing
 19381 | D:12     | Killed a brown ugly thing
 20191 | D:12     | Found a staircase to the Orcish Mines.
 20302 | D:12     | Noticed a deep elf pyromancer
 20302 | D:12     | Noticed a deep elf pyromancer
 20756 | D:12     | Killed a deep elf pyromancer
 20757 | D:12     | Reached XP level 12. HP: 50/60 MP: 19/22
 20998 | D:12     | Reached skill level 10 in Short Blades
 21196 | D:12     | Reached * piety under Ashenzari
 21272 | Lair:1   | Entered Level 1 of the Lair of Beasts
 21322 | Lair:1   | Reached skill level 15 in Stealth
 21391 | Lair:1   | Found a frozen archway.
 21534 | IceCv    | Entered an ice cave
 23373 | IceCv    | Reached skill level 15 in Dodging
 23485 | IceCv    | Slain by an anaconda simulacrum

Illustrated notes

Levels and vault maps discovered:
D:1:      mushboom_english_gardens, layout_basic,
          chequers_ecumenical_altar_island, serial_rivers,
          chequers_serial_rivers_micro_a, chequers_serial_rivers_room_b,
          chequers_serial_rivers_micro_c, chequers_serial_rivers_micro_c,
          chequers_serial_rivers_large_a
D:2:      layout_loops_corners, serial_undead, serial_undead_a, serial_undead_d,
          serial_undead_b, serial_undead_f, uniq_crazy_yiuf_cottage
D:3:      lemuel_castle_with_subvaults [lemuel_castle_interior_carwin_1],
          layout_loops_ring, minmay_misc_feat_roman, kennysheep_generic_room_7,
          uniq_ijyb, uniq_natasha
D:4:      layout_loops_ring, uniq_blork_the_orc
D:5:      layout_layer_cave, nicolae_wu_jian_wuxing_cycle, guppyfry_shop_venom,
          uniq_pikel, uniq_grinder
D:6:      layout_gridville
D:7:      layout_loops_cross, lemuel_temple_firewalk_b
D:8:      layout_loops_ring, enter_bailey_4, minmay_splitting_lines,
          uniq_joseph, uniq_erica
D:9:      layout_basic, minmay_mirror_moons_of_madness
D:10:     layout_stronghold, muffindrake_ghost_dual_entry, uniq_nergalle
D:11:     layout_long_grid, dpeg_oklobed_lair
D:12:     layout_loops_cross, david_orc_4, special_room [special_room_orc],
          minmay_shop_enchanted_jewellery
D:13:     layout_gridville, serial_rivers, chequers_serial_rivers_small_b,
          chequers_serial_rivers_marsh, chequers_serial_rivers_micro_e,
          chequers_serial_rivers_micro_b, fedhas_bush_and_centaur_altar,
          uniq_sonja, uniq_snorg
Temple:   roderic_octagonal_lattice_temple
Lair:1:   minmay_lair_oklob_chamber, layout_regular_city,
          portal_ice_cave_demonic_guard, grunt_megastairs_1
IceCv:    ice_cave_caverns_02

Skill      XL: |  1  2  3  4  5  6  7  8  9 10 11 12 |
---------------+-------------------------------------+-----
Stealth        | 5 6 7 8 10 12 14 15 | 15.1
Short Blades   | 2 3 4 5 7 8 9 10 | 10.0
Hexes          | 5 8 9 |  9.5
Spellcasting   | 3 4 6 |  6.0
Dodging        | 3 8 10 12 13 15 | 15.0
Fighting       | 1 4 5 6 |  6.0

Action                   |  1- 3 |  4- 6 |  7- 9 | 10-12 || total
-------------------------+-------+-------+-------+-------++-------
Melee: Dagger            |   123 |    85 |     8 |       ||   216
       Short sword       |       |    92 |   341 |   673 ||  1106
Throw: Stone             |       |       |       |     1 ||     1
       Dart              |       |       |       |     1 ||     1
 Cast: Ensorcelled Hiber |    25 |    29 |    35 |    83 ||   172
       Confusing Touch   |       |     1 |     5 |    20 ||    26
       Tukima's Dance    |       |     2 |    20 |    14 ||    36
Invok: Curse Item        |       |       |       |     2 ||     2
Evoke: Wand              |       |       |       |     4 ||     4
  Use: Scroll            |       |       |    16 |     3 ||    19
       Potion            |       |       |       |     2 ||     2
 Stab: Sleeping          |    24 |    27 |    40 |    61 ||   152
       Confused          |       |     3 |     3 |    22 ||    28
       Distracted        |       |       |     2 |     2 ||     4
       Invisible         |       |       |       |     3 ||     3
Armor: Robe              |    14 |    18 |    27 |    58 ||   117
Dodge: Dodged            |   104 |   112 |   257 |   670 ||  1143

Table legend: (Time is in decaauts)
 A = Elapsed time spent in this place.
 B = Non-inter-level travel time spent in this place.
 C = Inter-level travel time spent in this place.
 D = Time resting spent in this place.
 E = Time spent auto-exploring this place.
 F = Levels seen in this place.
 G = Mean time per level.
                   A        B        C        D        E       F      G
               +--------+--------+--------+--------+--------+-----+--------+
         Total |  18010 |  17332 |    678 |    464 |  13663 |  16 | 1125.6 |
       Dungeon |  15941 |  15301 |    640 |    324 |  12175 |  13 | 1226.2 |
        Temple |    200 |    163 |     37 |      0 |    147 |   1 |  200.0 |
          Lair |    180 |    180 |      0 |      0 |     65 |   1 |  180.0 |
      Ice Cave |   1688 |   1688 |      0 |    140 |   1274 |   1 | 1688.0 |
               +--------+--------+--------+--------+--------+-----+--------+

Top non-repeatable levels by time:
     D:3: 2519 daAuts
    D:10: 2006 daAuts
   IceCv: 1688 daAuts
     D:1: 1639 daAuts
     D:2: 1379 daAuts
    D:12: 1321 daAuts
     D:4: 1318 daAuts
     D:9: 1228 daAuts
    D:11: 1195 daAuts
     D:8: 1091 daAuts
     D:5: 1031 daAuts
     D:6: 608 daAuts
     D:7: 600 daAuts
  Temple: 200 daAuts
  Lair:1: 180 daAuts
